 Dungeon Crawl Stone Soup version 0.31-a0-216-g22e908daa7 (webtiles) character file.

Game seed: 121967644024558751

51 qw the Shooter (level 3, 0/21 HPs)
             Began as a Gargoyle Hexslinger on July 2, 2023.
             Slain by a hobgoblin (1 damage)
             ... on level 2 of the Dungeon.
             The game lasted 00:00:21 (622 turns).

qw the Shooter (Gargoyle Hexslinger)                 Turns: 622, Time: 00:00:22

Health: 0/21       AC:  5    Str: 11    XL:     3   Next: 81%
Magic:  4/4        EV: 12    Int: 13    God:
Gold:   32         SH:  0    Dex: 14    Spells: 3/4 levels left

rFire   . . .        Y - +1 sling
rCold   . . .        (no shield)
rNeg    + . .        c - +0 robe
rPois   inf          (no helmet)
rElec   +            (no cloak)
rCorr   .            (no gloves)
SInv    .            (no boots)
Will    .....        (no amulet)
Stlth   +            (no ring)
HPRegen 0.23/turn    (no ring)
MPRegen 0.09/turn

%: no passive effects
@: no status effects
A: sickness immunity, AC +3, negative energy resistance 1, electricity
resistance, torment resistance 1, petrification resistance
a: no special abilities


You were on level 2 of the Dungeon.
You visited 1 branch of the dungeon, and saw 2 of its levels.

You collected 32 gold pieces.


Innate Abilities, Weirdness & Mutations

You are immune to sickness and miasma.
Your stone body is resilient. (AC +3)
You are immune to poison.
You resist negative energy. (rN+)
You are resistant to electric shocks. (rElec)
You are resistant to unholy torment.
You are immune to petrification.


   Skills:
 - Level 2.0 Fighting
 + Level 3.7 Ranged Weapons
 - Level 1.5 Dodging
 - Level 1.0 Spellcasting
 - Level 2.6 Hexes


You had 3 spell levels left.
You knew the following spells:

 Your Spells              Type           Power      Damage    Failure   Level
a - Slow                  Hex            28%        N/A       10%         1

Your spell library contained the following spells:

 Spells                   Type           Power      Damage    Failure   Level
 Inner Flame              Hex/Fire       4%         N/A       43%         3
 Portal Projectile        Hex/Tloc       8%         N/A       43%         3
 Cause Fear               Hex            3%         N/A       67%         4

Inventory:

Hand Weapons
 Y - a +1 sling (weapon)
Armour
 a - the +1 cloak of Moap Lumm {rN+}
   (You acquired it on level 1 of the Dungeon)

   rN:        It protects you from negative energy.
 c - a +0 robe (worn)
Scrolls
 b - a scroll of enchant armour {unknown}
Potions
 f - a potion of degeneration {unknown}
 i - a potion of heal wounds {unknown}

Dungeon Overview and Level Annotations

Branches:
Dungeon (2/15)

Altars:


Message History

The sling bullet barely misses the hobgoblin.
The frilled lizard bites you but does no damage.
The frilled lizard closely misses you.
You shoot a sling bullet.
The sling bullet barely misses the frilled lizard.
The hobgoblin hits you but does no damage.
The hobgoblin barely misses you. The frilled lizard bites you.
You shoot a sling bullet.
The sling bullet barely misses the frilled lizard.
The sling bullet barely misses the endoplasm.
The hobgoblin closely misses you. The hobgoblin barely misses you.
The frilled lizard barely misses you.
You shoot a sling bullet.
The sling bullet hits the frilled lizard.
The frilled lizard is heavily wounded.
The hobgoblin closely misses you. The hobgoblin hits you.
The frilled lizard bites you.
You shoot a sling bullet.
The sling bullet hits the frilled lizard!
You kill the frilled lizard!
The hobgoblin hits you but does no damage.
The hobgoblin closely misses you. The hobgoblin hits you.
The endoplasm hits you but does no damage.
The hobgoblin barely misses you.
You shoot a sling bullet.
The sling bullet hits the endoplasm but does no damage.
The hobgoblin barely misses you. The hobgoblin hits you.
The endoplasm freezes you.
You are frozen.
You shoot a sling bullet.
The sling bullet hits the endoplasm but does no damage.
The hobgoblin closely misses you. The hobgoblin hits you.
The endoplasm freezes you.
You are frozen.
You shoot a sling bullet.
The sling bullet hits the endoplasm but does no damage.
The hobgoblin closely misses you. The endoplasm freezes you.
You are frozen.
The hobgoblin hits you.
You die...

#++## ..... ......
...~..####
.$....gg.#
.....wJ@.#
ยค.....##.######
..... #......# ....
#......# #
#++#####......# .
#..##.........#
#.#.>#..##......#
###.#)...##.......#
#.......###.#######


You could see a dart slug, an endoplasm and 2 hobgoblins.

Vanquished Creatures
  An adder (D:2)
  3 dart slugs
  A bat (D:1)
  3 endoplasms (D:1)
  A giant cockroach (D:1)
  2 goblins (D:1)
  3 hobgoblins (D:1)
  3 jackals (D:1)
  4 kobolds (D:1)
  A quokka (D:1)
  2 ball pythons (D:1)
  5 frilled lizards
  4 rats
33 creatures vanquished.

Notes
Turn   | Place    | Note
-------+----------+-------------------------------------------
     0 | D:1      | qw the Gargoyle Hexslinger began the quest for the Orb.
     0 | D:1      | Reached XP level 1. HP: 12/12 MP: 2/2
     0 | D:1      | 0 ||| qw: Version: 0.3-a-35-g05ef00e
     0 | D:1      | 0 ||| qw: Game counter: 7854
     0 | D:1      | 0 ||| qw: Melee chars always use a shield: true
     0 | D:1      | 0 ||| qw: God list: Okawaru
     0 | D:1      | 0 ||| qw: Allow faded altars: false
     0 | D:1      | 0 ||| qw: Do Orc after clearing Dungeon:15 true
     0 | D:1      | 0 ||| qw: Do second Lair branch before Depths: true
     0 | D:1      | 0 ||| qw: Lair rune preference: random
     0 | D:1      | 0 ||| qw: Goals: Normal
     0 | D:1      | 0 ||| PLANNING D:1-11
    29 | D:1      | Reached XP level 2. HP: 16/16 MP: 3/3
    42 | D:1      | Reached skill level 3 in Ranged Weapons
   269 | D:1      | Reached XP level 3. HP: 21/21 MP: 4/4
   545 | D:1      | 545 ||| DROPPING ring of magical power.
   546 | D:1      | 546 ||| READING scroll labelled DAODAS OMAMERU.
   546 | D:1      | Identified a scroll of acquirement
   546 | D:1      | 546 ||| ACQUIRING +1 cloak of Moap Lumm {rN+}
   546 | D:1      | Acquired the +1 cloak of Moap Lumm {rN+}
   548 | D:1      | 548 ||| READING scroll labelled NEPAPI ICYRPH.
   549 | D:1      | 549 ||| READING scroll labelled XAADGH YQOTS.
   552 | D:1      | 552 ||| DROPPING scroll of poison.
   621 | D:2      | HP: 3/21 [frozen (3)]
   622 | D:2      | HP: 1/21 [frozen (2)]
   622 | D:2      | Slain by a hobgoblin

Levels and vault maps discovered:
D:1:      amcnicky_arrival_gap_in_the_tavern_cellar, layout_basic,
          corexii_corridor_pit, st_stairs_10
D:2:      minmay_alternating_diamond, layout_rooms, kennysheep_generic_room_7,
          uniq_crazy_yiuf_cottage

Skill      XL: |  1  2  3 |
---------------+----------+-----
Ranged Weapons | 3 |  3.7
Fighting       | 2 |  2.0
Dodging        | |  1.5
Spellcasting   | |  1.0
Hexes          | |  2.6

Action                     || total
---------------------------++-------
   Fire: Sling             ||    95
    Use: Scroll            ||     3
 Armour: Robe              ||    19
  Dodge: Dodged            ||    43

Table legend:
 A = Non-vault XP
 B = Vault XP
 C = Vault XP percentage of total XP
 D = Non-vault monster count
 E = Vault monster count
 F = Vault count percentage of total count
                 A         B        C        D         E       F
            +---------+---------+-------+---------+---------+-------
      Total |      67 |       6 |   8.2 |      29 |       4 |  12.1
            +---------+---------+-------+---------+---------+-------
        D:1 |      47 |       5 |   9.6 |      24 |       3 |  11.1
        D:2 |      20 |       1 |   4.8 |       5 |       1 |  16.7
            +---------+---------+-------+---------+---------+-------
